 Dungeon Crawl Stone Soup version 0.21.0-3-g78d12a8 (webtiles) character file.

74 MTVSty1e the Cudgeler (level 4, -5/28 HPs)
             Began as a Gargoyle Fighter on Jan 15, 2018.
             Killed from afar by a white imp (6 damage)
             ... with a puff of frost
             ... summoned by Natasha
             ... on level 2 of the Dungeon on Jan 16, 2018.
             The game lasted 00:03:14 (1712 turns).

MTVSty1e the Cudgeler (Gargoyle Fighter)            Turns: 1712, Time: 00:03:16

Health: -5/28      AC: 11    Str: 20    XL:     4   Next: 30%
Magic:  4/4        EV:  7    Int:  9    God:
Gold:   86         SH:  9    Dex:  9    Spells: 3/3 levels left

rFire    . . .     SeeInvis .   a - +0 flail
rCold    . . .     Gourm    .   c - +0 shield
rNeg     + . .     Faith    .   b - +0 scale mail
rPois    ∞         Spirit   .   (no helmet)
rElec    +         Reflect  .   h - +0 cloak
rCorr    .         Harm     .   (no gloves)
MR       .....                  (no boots)
Stlth    ..........             (no amulet)
HPRegen  0.09/turn              (no ring)
MPRegen  0.09/turn              (no ring)

@: no status effects
A: negative energy resistance 1, electricity resistance, unbreathing,
petrification resistance, rot immunity, AC +3
a: no special abilities


You were on level 2 of the Dungeon.
You were hungry.

You visited 1 branch of the dungeon, and saw 2 of its levels.

You collected 86 gold pieces.

Inventory:

Hand Weapons
 a - a +0 flail (weapon)
Armour
 b - a +0 scale mail (worn)
 c - a +0 shield (worn)
 h - a +0 cloak (worn)
Jewellery
 k - an uncursed ring of poison resistance {unknown}
Scrolls
 g - a scroll of remove curse {unknown}
 j - a scroll of identify {unknown}
 l - a scroll of amnesia {unknown}
Potions
 d - 2 potions of might
 e - a potion of magic {unknown}
 i - a potion of agility {unknown}
Comestibles
 f - 5 rations


   Skills:
 - Level 3.2 Fighting
 + Level 4.4 Maces & Flails
 - Level 3.2 Armour
 - Level 3.2 Shields


You had 3 spell levels left.
You didn't know any spells.

Dungeon Overview and Level Annotations

Branches:
Dungeon (2/15)

Altars:

Annotations:
D:2 Natasha


Innate Abilities, Weirdness & Mutations

You are resistant to torment.
Your stone body is resilient. (AC +3)
You are immune to poison.
You resist negative energy. (rN+)
You are resistant to electric shocks. (rElec)
You can survive without breathing.
You are immune to petrification.
You are immune to rotting.


Message History

You are too injured to fight recklessly!
You are too injured to fight recklessly!
You are too injured to fight recklessly!
You are too injured to fight recklessly!
You are too injured to fight recklessly!
Unknown command.
You completely miss Natasha. Natasha claws you but does no damage.
The white imp gestures at you. The puff of frost hits you!
* * * LOW HITPOINT WARNING * * *
You hit Natasha but do no damage. Natasha barely misses you.
The white imp barely misses you.
You closely miss Natasha. Natasha claws you but does no damage.
The white imp gestures at you. The puff of frost hits you!
* * * LOW HITPOINT WARNING * * *
You block Natasha's attack. The white imp gestures at you.
The puff of frost hits you!
You die...

.. ..........###....
........########..###..#
......... .............#
........# ...####..##..#
......... ..............
........# ..#####....##
.......b# .. ##...##
......h5# ...######...#.
#@####.....)##..##
#.........†....>..
#...##.####.##.### #...#
#.##.# #
#...##.####.##.# #
#...##......##.# #
#...######..##.###
#...######..#...##
.#####...........#...##


You could see Natasha, a white imp and a bat.

Vanquished Creatures
  An adder (D:2)
  An ooze (D:1)
  A worm (D:2)
  2 dart slugs
  2 leopard geckos (D:1)
  8 bats
  2 giant cockroaches (D:1)
  4 hobgoblins (D:1)
  3 jackals (D:1)
  6 kobolds
  2 quokkas (D:2)
  A frilled lizard (D:1)
  9 goblins
  7 rats
49 creatures vanquished.

Notes
Turn   | Place    | Note
-------+----------+-------------------------------------------
     0 | D:1      | MTVSty1e the Gargoyle Fighter began the quest for the Orb.
     0 | D:1      | Reached XP level 1. HP: 14/14 MP: 1/1
    46 | D:1      | Reached XP level 2. HP: 11/19 MP: 2/2
   505 | D:1      | Reached skill level 3 in Maces & Flails
   607 | D:1      | Reached XP level 3. HP: 20/23 MP: 3/3
   971 | D:1      | Reached skill level 4 in Maces & Flails
  1236 | D:2      | Reached XP level 4. HP: 25/28 MP: 4/4
  1699 | D:2      | Noticed Natasha
  1712 | D:2      | HP: 1/28 [white imp/puff of frost[Natasha] (4)]
  1712 | D:2      | Killed from afar by a white imp

Skill      XL: |  1  2  3 |
---------------+----------+-----
Maces & Flails | 3 4 |  4.4
Fighting       | |  3.2
Armour         | |  3.2
Shields        | |  3.2

Action                   |  1- 3 |  4- 6 || total
-------------------------+-------+-------++-------
Melee: Flail             |   151 |    43 ||   194
  Eat: Chunk             |     1 |     1 ||     2
Armor: Scale mail        |   109 |    41 ||   150
Dodge: Dodged            |    57 |    15 ||    72
Block: Shield            |    98 |    25 ||   123
